Map: Dusk Towers

Players

TheGobfather - Winner!

  • Race: Terran Terran
  • League: Silver

Organic

  • Race: Zerg Zerg
  • League: Silver

VOD

Have the link to the VOD?

Description

NERF

Time

  • Played on: March 13, 2016, 4:15 p.m.
  • Length: 10:16
Show
View Real Time Build Order
Export as new Build Order

TheGobfather Terran - Winner!

Build Orders: MMM Bio 

Get SALT Encoding   

  12  0:01  SCV  
  13  0:13  SCV  
  14  0:18  Supply Depot  
  14  0:25  SCV  
  15  0:39  Refinery  
  15  0:40  SCV  
  16  0:46  Barracks  
  16  0:52  SCV  
  17  1:04  SCV  
  18  1:16  SCV  
  19  1:28  SCV  
  20  1:33  Reaper, Supply Depot  
  20  1:39  Refinery  
  21  1:41  Orbital Command  
  21  2:01  Factory  
  21  2:08  Barracks Tech Lab  
  21  2:11  SCV  
  22  2:23  SCV  
  23  2:35  SCV  
  24  2:47  SCV  
  24  2:50  Marauder  
  27  2:51  Stimpack  
  27  2:52  Factory Reactor  
  27  3:00  SCV  
  27  3:02  Command Center  
  27  3:13  Marine  
  28  3:28  Supply Depot  
  28  3:31  Marine  
  28  3:33  Hellion  
  31  3:46  Starport  
  31  3:49  Marine, SCV  
  31  3:50  Hellion  
  31  3:51  Supply Depot  
  35  4:01  Hellion, SCV  
  38  4:06  Liberator  
  38  4:07  Marine  
  39  4:13  Hellion, Supply Depot, SCV  
  39  4:14  Orbital Command  
  45  4:25  Marine  
  45  4:26  SCV  
  47  4:34  Barracks  
  47  4:35  Supply Depot  
  47  4:38  SCV  
  48  4:40  SCV  
  49  4:50  SCV  
  49  4:52  SCV  
  51  5:01  Combat Shields  
  51  5:03  Marine  
  51  5:04  SCV  
  53  5:16  SCV  
  52  5:21  Marine  
  47  5:39  Marine  
  47  5:41  Starport Reactor  
  48  5:57  Marine  
  49  6:14  Marine  
  50  6:21  Factory Tech Lab  
  50  6:24  Supply Depot  
  50  6:43  Medivac  
  50  6:44  Medivac  
  50  6:45  Siege Tank  
  57  6:54  Command Center  
  57  7:13  Medivac  
  59  7:16  Barracks Reactor  
  59  7:17  Siege Tank  
  59  7:19  Barracks  
  62  7:28  Supply Depot  
  59  7:40  Marine  
  60  7:50  Engineering Bay  
  60  7:58  Marine  
  61  8:05  Siege Tank  
  64  8:09  Barracks Tech Lab  
  64  8:11  Marine  
  64  8:12  Marine  
  66  8:16  Planetary Fortress, Marauder  
  68  8:22  SCV  
  69  8:29  Marine x2  
  69  8:32  Barracks  
  71  8:34  SCV  
  71  8:35  Marine  
  71  8:37  Siege Tank, Marauder  
  71  8:38  Medivac x2  
  82  8:46  SCV  
  82  8:47  Marine x2, Refinery  
  85  8:48  Refinery  
  85  8:52  SCV  
  85  8:53  Marine  
  87  8:58  SCV  
  87  8:59  Marauder  
  90  9:04  SCV  
  90  9:05  Marine x2  
  90  9:09  Siege Tank, Supply Depot  
  96  9:10  Marine  
  96  9:11  SCV  
  96  9:12  Medivac, Supply Depot  
  96  9:16  SCV  
  101  9:28  SCV  
  102  9:40  SCV  
Show
View Real Time Build Order
Export as new Build Order

Organic Zerg 

Build Orders: Hatch First 

Get SALT Encoding   

  12  0:01  Drone  
  13  0:13  Drone  
  14  0:19  Overlord  
  14  0:29  Extractor, Drone  
  15  0:39  Drone x2  
  17  0:52  Drone  
  18  0:59  Drone  
  19  1:10  Hatchery  
  18  1:15  Spawning Pool  
  18  1:16  Drone  
  18  1:23  Extractor, Drone  
  18  1:40  Drone x2  
  20  2:01  Hatchery  
  20  2:02  Queen  
  21  2:16  Zergling x2  
  21  2:20  Overlord  
  22  2:24  Queen  
  24  2:30  Metabolic Boost  
  23  2:51  Queen  
  25  3:14  Queen  
  25  3:16  Queen  
  29  3:25  Roach Warren  
  28  3:42  Extractor, Drone  
  28  3:43  Drone x3  
  31  4:01  Drone x10  
  41  4:04  Overlord  
  41  4:24  Drone x5  
  44  4:29  Extractor x2  
  44  4:32  Drone  
  44  4:33  Drone x3  
  48  4:46  Drone  
  48  4:47  Overlord  
  49  5:00  Drone  
  49  5:04  Queen  
  52  5:08  Roach x3  
  56  5:41  Overlord x3  
  39  6:15  Spore Crawler  
  35  6:34  Spore Crawler  
  27  6:47  Spore Crawler  
  19  7:13  Queen  
  21  7:15  Drone  
  21  7:16  Drone x13  
  21  7:17  Drone x4  
  39  7:35  Extractor x2  
  37  7:52  Drone x9  
  37  7:53  Drone  
  47  8:11  Drone  
  47  8:12  Drone x7  
  55  8:23  Drone x3  
  55  8:25  Overlord x2  
  55  8:26  Overlord  
  58  8:43  Drone  
  58  8:44  Drone x3  
  58  8:47  Drone  
  58  8:48  Drone x3  
  66  8:52  Drone  
  66  8:53  Drone x4  
  71  8:58  Lair  
  71  9:13  Drone  
  71  9:14  Drone x4  
  76  9:23  Roach  
  82  9:24  Roach x4  
  82  9:52  Roach x4  
Tags
 
Composition
MMM Bio
Matchup
TvZ
Add a new tag
Caveats
  • Supply blocks, unpowered buildings, or Contaminate may cause inaccurate times.
  • Supply counts are checked every 10 seconds.